 Dungeon Crawl Stone Soup version 0.19-a0-1534-g03f6967 (webtiles) character file.

6045 Elitist the Geomancer (level 10, -12/54 HPs)
             Began as a Deep Elf Earth Elementalist on Sept 14, 2016.
             Was a Priest of Qazlal.
             Mangled by an orc warrior
             ... wielding a +0 halberd
              (17 damage)
             ... in a bailey.
             The game lasted 00:39:13 (10970 turns).

Elitist the Geomancer (DEEE)                       Turns: 10970, Time: 00:39:14

Health: -12/54     AC:  8    Str:  5    XL:     10   Next: 57%
Magic:  23/23      EV: 17    Int: 22    God:    Qazlal [***...]
Gold:   302        SH:  4    Dex: 17    Spells: 5 memorised, 9 levels left

rFire  . . .     SeeInvis .     a - +2 shortbow (freeze)
rCold  . . .     Gourm    .     c - +0 robe
rNeg   . . .     Faith    .     (shield currently unavailable)
rPois  .         Spirit   .     z - +0 helmet
rElec  .         Dismiss  .     K - +0 cloak
rCorr  .         Reflect  .     u - +2 pair of gloves
MR     +....     Harm     .     M - +0 pair of boots
Stlth  ++........               (no amulet)
                                (no ring)
                                E - ring of wizardry

@: no status effects
A: no striking features
a: Upheaval, Elemental Force, Renounce Religion


You were in a bailey.
You worshipped Qazlal.
Qazlal was most pleased with you.
You were hungry.

You visited 2 branches of the dungeon, and saw 11 of its levels.
You also visited: Bailey.

You collected 524 gold pieces.
You spent 222 gold pieces at shops.

Inventory:

Hand Weapons
 a - a +2 shortbow of freezing (weapon)
 R - a +4 shortbow
Missiles
 b - 221 stones
 m - 116 arrows (quivered)
 x - 5 tomahawks
Armour
 c - a +0 robe (worn)
 u - a +2 pair of gloves (worn)
 z - a +0 helmet (worn)
 K - a +0 cloak (worn)
 M - a +0 pair of boots (worn)
Jewellery
 E - a ring of wizardry (left hand)
Wands
 h - a wand of polymorph (8/24)
 A - a wand of confusion (31/48)
 G - a wand of paralysis (13/24)
 N - a wand of enslavement (10/24)
 O - a wand of paralysis (12/24)
Scrolls
 g - 3 scrolls of amnesia
 i - 7 scrolls of remove curse
 j - 2 scrolls of noise {unknown}
 k - a scroll of magic mapping
 n - a scroll of fear
 q - a scroll of recharging
 r - 2 scrolls of enchant armour
 y - 2 scrolls of teleportation
 P - 3 scrolls of identify
Potions
 f - a potion of invisibility
 l - a potion of resistance
 o - a potion of haste {unknown}
 t - a potion of brilliance {unknown}
 v - 3 potions of flight
 w - 3 potions of mutation
 B - 2 potions of lignification
 C - 2 potions of might
 D - 4 potions of curing
 F - 3 potions of agility
 H - a potion of magic {unknown}
 L - a potion of heal wounds {unknown}
Books
 e - a book of Geomancy

   Spells                             Type                      Level
   a - Sandblast                      Earth                        1
   b - Passwall                       Transmutation/Earth          2
   c - Stone Arrow                    Conjuration/Earth            3
   d - Petrify                        Transmutation/Earth          4
   e - Lee's Rapid Deconstruction     Earth                        5
 J - a book of Alchemy

   Spells                             Type                      Level
   a - Sublimation of Blood           Necromancy                   2
   b - Ignite Poison                  Fire/Transmutation/Poison    3
   c - Petrify                        Transmutation/Earth          4
   d - Alistair's Intoxication        Transmutation/Poison         5
   e - Irradiate                      Conjuration/Transmutation    5
Comestibles
 d - 7 bread rations
 s - 2 slices of pizza
 I - 2 meat rations
 Q - a beef jerky


   Skills:
 + Level 2.6 Fighting
 * Level 7.1 Bows
 - Level 7.3 Dodging
 - Level 2.4 Stealth
 + Level 7.5 Spellcasting
 - Level 6.4 Conjurations
 - Level 3.0 Transmutations
 + Level 11.0 Earth Magic


You had 9 spell levels left.
You knew the following spells:

 Your Spells              Type           Power        Failure   Level  Hunger
a - Stone Arrow           Conj/Erth      #####.       1%          3    None
b - Passwall              Tmut/Erth      #####.....   1%          2    None
l - Lee's Rapid Deconstr  Erth           ######....   1%          5    #####..
p - Petrify               Tmut/Erth      #####...     2%          4    ###....
z - Sandblast             Erth           ######       1%          1    None


Dungeon Overview and Level Annotations

Branches:
Dungeon (10/15)            Temple (1/1) D:5
   Lair: D:8-11         Orc: D:9-12

Altars:
Ashenzari
Cheibriados
Dithmenos
Elyvilon
Fedhas
Gozag
Hepliaklqana
Kikubaaqudgha
Makhleb
Nemelex Xobeh
Okawaru
Qazlal
Ru
Sif Muna
Trog
Uskayaw
Vehumet
Xom
Yredelemnul
Zin
The Shining One

Shops:
D:5 *}!?(


Message History

The orc warrior is heavily wounded.
The orc warrior hits you from afar with a halberd!!
The orc warrior closely misses you.
Firing (i - inventory. (,) - cycle):
m - 118 arrows (quivered)
Press: ? - help, Shift-Dir - straight line, f/p - orc warrior
Aim: an orc warrior, wielding a halberd and wearing a plate armour (heavily wounded)
You shoot an arrow.
The arrow completely misses the orc warrior.
Firing (i - inventory. (,) - cycle):
m - 117 arrows (quivered)
Press: ? - help, Shift-Dir - straight line, f/p - orc warrior
Aim: an orc warrior, wielding a halberd and wearing a plate armour (heavily wounded)
You shoot an arrow.
The arrow hits the orc warrior but does no damage.
The orc warrior is heavily wounded.
You start resting.
The orc warrior hits you from afar with a halberd!
The orc warrior hits you from afar with a halberd!!
* * * LOW HITPOINT WARNING * * *
The orc warrior hits you from afar with a halberd!
You die...

##.≈≈..#
#∩.≈≈..
#.≈≈..
#(≈(. #(≈.#
#(≈)##
#.≈o(#####
#.≈≈≈≈≈≈≈##
#...§@....#
########.##
####...##
##∩..####
#∩#### ###


You could see an orc warrior.

Vanquished Creatures
  Pikel (D:6)
  Sigmund (D:3)
  6 yaks
  A hippogriff (D:9)
  2 hungry ghosts
  Menkaure (D:6)
  A water moccasin (D:7)
  3 black bears
  3 ice beasts
  2 sky beasts
  3 slaves (D:4)
  2 orc warriors
  A phantom (D:5)
  An ogre (D:4)
  2 crocodiles (D:9)
  5 centaurs
  6 giant frogs
  A howler monkey (D:4)
  9 wights (D:9)
  4 crimson imps
  A wasp zombie (D:9)
  A centaur zombie (D:7)
  2 giant frog zombies (D:7)
  2 hounds
  A quasit (D:7)
  8 orc priests
  A jelly (D:5)
  A gnoll shaman (D:7)
  10 orc wizards
  A giant frog skeleton (D:8)
  3 worker ants
  Natasha (thrice) (D:4)
  A worker ant zombie (D:10)
  10 gnolls
  10 adders
  4 shadow imps
  2 oozes (D:2)
  2 adder skeletons
  3 worms
  2 dart slugs
  9 giant geckos
  47 orcs
  3 ball pythons
  19 bats
  3 giant cockroaches
  6 goblins
  7 hobgoblins
  4 jackals (D:8)
  6 kobolds
  2 quokkas (D:9)
  2 giant gecko skeletons (D:4)
  3 giant newts (D:1)
  A quokka skeleton (D:6)
  A quokka zombie (D:7)
  7 rats
243 creatures vanquished.

Notes
Turn   | Place    | Note
-------+----------+-------------------------------------------
     0 | D:1      | Elitist the Deep Elf Earth Elementalist began the quest for the Orb.
     0 | D:1      | Reached XP level 1. HP: 10/10 MP: 6/6
   225 | D:1      | Reached XP level 2. HP: 15/15 MP: 2/8
   994 | D:1      | Reached skill level 4 in Earth Magic
  1078 | D:1      | Reached XP level 3. HP: 20/20 MP: 7/10
  1174 | D:2      | Found a blossoming altar of Fedhas.
  1234 | D:2      | Reached skill level 1 in Fighting
  1372 | D:2      | Found a sparkling altar of Nemelex Xobeh.
  1568 | D:2      | Reached XP level 4. HP: 25/25 MP: 10/12
  1577 | D:2      | Learned a level 2 spell: Passwall
  1581 | D:2      | Learned a level 3 spell: Stone Arrow
  1586 | D:2      | Learned a level 4 spell: Petrify
  1925 | D:3      | Noticed Sigmund
  1929 | D:3      | Killed Sigmund
  1929 | D:3      | Reached skill level 1 in Conjurations
  1929 | D:3      | Reached skill level 5 in Earth Magic
  1929 | D:3      | Reached XP level 5. HP: 29/30 MP: 9/13
  2301 | D:3      | Reached XP level 6. HP: 35/35 MP: 4/15
  2693 | D:3      | Found a burning altar of Makhleb.
  3365 | D:4      | Reached skill level 5 in Spellcasting
  3573 | D:4      | Noticed a slave
  3585 | D:4      | Killed a slave
  3618 | D:4      | Noticed a slave
  3626 | D:4      | Killed a slave
  3729 | D:4      | Learned a level 5 spell: Lee's Rapid Deconstruction
  3918 | D:3      | Reached skill level 6 in Earth Magic
  4233 | D:4      | Noticed Natasha
  4240 | D:4      | Killed Natasha
  4240 | D:4      | Reached XP level 7. HP: 32/40 MP: 12/17
  4347 | D:4      | Noticed Natasha
  4351 | D:4      | Killed Natasha
  4525 | D:4      | Noticed Natasha
  4533 | D:4      | Killed Natasha
  4798 | D:5      | Entered Level 5 of the Dungeon
  4955 | D:5      | Found Watik's Distillery.
  4959 | D:5      | Bought a potion of mutation for 30 gold pieces
  4959 | D:5      | Bought a potion of agility for 48 gold pieces
  4959 | D:5      | Bought a potion of might for 48 gold pieces
  4959 | D:5      | Bought a potion of curing for 36 gold pieces
  4959 | D:5      | Bought a potion of agility for 48 gold pieces
  4959 | D:5      | Bought a potion of degeneration for 12 gold pieces
  5154 | D:5      | Reached skill level 7 in Earth Magic
  5242 | D:5      | Found Cozor's Assorted Antiques.
  5377 | D:5      | Found Vineq's Gadget Shoppe.
  5478 | D:5      | Found a staircase to the Ecumenical Temple.
  5487 | D:5      | Found a basalt altar of Yredelemnul.
  5487 | D:5      | Found a bloodstained altar of Trog.
  5499 | Temple   | Entered the Ecumenical Temple
  5601 | Temple   | Became a worshipper of Qazlal Stormbringer
  5667 | D:5      | Found Cocruyplo's Weapon Shoppe.
  5704 | D:5      | Found Zases's Magic Scroll Boutique.
  5759 | D:5      | Found a burning altar of Makhleb.
  5761 | D:5      | Noticed a balrug
  6017 | D:6      | Noticed Menkaure
  6095 | D:6      | Reached skill level 1 in Bows
  6095 | D:6      | Reached XP level 8. HP: 28/44 MP: 13/19
  6120 | D:6      | Killed Menkaure
  6371 | D:6      | Noticed Pikel
  6398 | D:6      | Killed Pikel
  6398 | D:6      | Reached skill level 8 in Earth Magic
  6412 | D:6      | Reached skill level 5 in Conjurations
  6912 | D:6      | Reached XP level 9. HP: 39/48 MP: 17/20
  6996 | D:6      | Reached skill level 9 in Earth Magic
  7025 | D:6      | Reached skill level 5 in Dodging
  7496 | D:7      | Reached * piety under Qazlal
  8572 | D:8      | Reached skill level 5 in Bows
  8572 | D:8      | Reached skill level 10 in Earth Magic
  8968 | D:8      | Reached ** piety under Qazlal
  9291 | D:9      | Reached XP level 10. HP: 46/53 MP: 15/21
  9953 | D:9      | Found a white marble altar of Elyvilon.
 10033 | D:9      | Reached *** piety under Qazlal
 10306 | D:10     | Entered Level 10 of the Dungeon
 10549 | D:10     | Reached skill level 11 in Earth Magic
 10556 | D:10     | Found a flagged portal.
 10683 | Bailey   | Entered a bailey
 10970 | Bailey   | Mangled by an orc warrior

Vault maps used:
D:1:      ncdulo_smallfort, grunt_decor_cap, minivault_14
D:2:      old_standard_altar, nemelex_xobeh_ov_fountains_minmay
D:3:      marbit_many_paths, due_unseen_surprise, uniq_sigmund
D:4:      serial_bayou_lagoon_a, uniq_natasha, uniq_pikel
D:5:      gammafunk_temple_overflow_elements, serial_shops, shop,
          nicolae_shop_crystal, nicolae_shop_window_shopping,
          nicolae_shop_behind_doors, shop_statue, first_bread,
          makhleb_altar_promises_db
D:6:      minmay_misc_feat_nine_boxes, uniq_menkaure
D:9:      elyvilon_altar_4
D:10:     boulder_corridor_run, david_orc_2, enter_bailey_3
Temple:   compressed_dpeg_circular_temple
Bailey:   bailey_polearm_1, bailey

Skill      XL: |  1  2  3  4  5  6  7  8  9 10 |
---------------+-------------------------------+-----
Earth Magic    | 4 5 6 7 8 10 11 | 11.0
Fighting       | 1 2 |  2.6
Spellcasting   | 4 5 6 7 |  7.5
Conjurations   | 1 2 3 5 6 |  6.4
Transmutations | 2 3 |  3.0
Bows           | 1 3 5 7 |  7.1
Dodging        | 4 6 7 |  7.3
Stealth        | |  2.4

Action                   |  1- 3 |  4- 6 |  7- 9 | 10-12 || total
-------------------------+-------+-------+-------+-------++-------
Melee: Unarmed           |     1 |       |       |       ||     1
       Spear             |     7 |       |       |       ||     7
 Fire: Hunting sling     |     4 |     3 |       |       ||     7
       Shortbow          |       |    96 |   195 |   109 ||   400
Throw: Stone             |       |       |     6 |       ||     6
 Cast: Sandblast         |    60 |    84 |   100 |    57 ||   301
       Lee's Rapid Decon |       |     5 |     5 |     1 ||    11
       Stone Arrow       |       |       |    29 |    20 ||    49
       Petrify           |       |       |     3 |       ||     3
  Use: Scroll            |       |       |    12 |       ||    12
       Potion            |       |       |     1 |       ||     1
  Eat: Chunk             |     2 |    10 |    15 |     5 ||    32
       Fruit             |       |       |     1 |       ||     1
       Beef jerky        |       |       |     1 |       ||     1
Armor: Robe              |     7 |    12 |    15 |    21 ||    55
Dodge: Dodged            |    27 |    46 |   101 |    70 ||   244
Block: Other             |       |       |     6 |    18 ||    24
